 Dungeon Crawl Stone Soup version 0.13-a0-2477-geaae114 (webtiles) character file.

274 Rycklaryybbe the Vandal (level 4, 0/22 HPs)
             Began as a Spriggan Arcane Marksman on July 19, 2013.
             Slain by Grinder (2 damage)
             ... while paralysed by Grinder
             ... on Level 4 of the Dungeon.
             The game lasted 00:07:18 (2405 turns).

Rycklaryybbe the Vandal (Spriggan Arcane Marksman)  Turns: 2405, Time: 00:07:18

HP   0/22        AC  2     Str  7      XL: 4   Next: 21%
MP  10/10        EV  4     Int 19      God:
Gold 192         SH  0     Dex 16      Spells:  2 memorised,  4 levels left

Res.Fire  : . . .   See Invis. : +   b - +0 sling
Res.Cold  : . . .   Warding    : .   t - +0 robe (curse)
Life Prot.: . . .   Conserve   : .   (shield restricted)
Res.Poison: .       Res.Corr.  : .   (helmet restricted)
Res.Elec. : .       Clarity    : .   (no cloak)
Sust.Abil.: . .     Spirit.Shd : .   (gloves unavailable)
Res.Mut.  : .       Stasis     : .   (boots unavailable)
Res.Rott. : .       Flight     : .   (no amulet)
Saprovore : . . .                    (no ring)
                                     x - +5 ring of intelligence

@: paralysed, very quick, slightly resistant to hostile enchantments, stealthy
A: unfitting armour, see invisible, herbivore 3, speed 3, slow metabolism 2
a: no special abilities


You were on level 4 of the Dungeon.
You were not hungry.

You visited 1 branch of the dungeon, and saw 4 of its levels.

You collected 142 gold pieces.

Inventory:

Hand weapons
 a - a +2,+0 elven short sword
 b - a +0,+0 sling (weapon)
 y - a +4,+1 elven whip
Missiles
 c - 37 sling bullets
 j - 7 needles of confusion
 n - 18 stones (quivered)
 o - 12 poisoned needles
Armour
 h - a +0 robe
 t - a cursed +0 robe (worn)
Magical devices
 B - a wand of frost (11) {unknown}
Comestibles
 v - a choko
 w - 2 bread rations
Scrolls
 g - 2 scrolls of curse weapon {unknown}
 i - a scroll of enchant armour {unknown}
 k - 2 scrolls of teleportation {unknown}
 l - 7 scrolls of identify {unknown}
 m - a scroll of fog {unknown}
 q - 2 scrolls of remove curse {unknown}
 s - a scroll of curse armour {unknown}
 u - 2 scrolls of recharging {unknown}
Jewellery
 f - an uncursed ring of ice {unknown}
 x - a +5 ring of intelligence (left hand)
 D - a cursed ring of teleportation {unknown}
Potions
 e - a potion of porridge
 p - 3 potions of curing {unknown}
 r - a potion of resistance {unknown}
 z - a potion of poison {unknown}
 A - a potion of speed {unknown}
 C - a potion of berserk rage
 E - 2 potions of might {unknown}
 F - a potion of flight {unknown}
Books
 d - a book of Debilitation

   Spells                             Type                      Level
   *Corona                            Hexes                        1
   Slow                               Hexes                        2
   *Inner Flame                       Hexes/Fire                   3
   Enslavement                        Hexes                        4
   Cause Fear                         Hexes                        4
   Leda's Liquefaction                Hexes/Earth                  4


   Skills:
 - Level 0.7 Fighting
 + Level 4.6 Slings
 - Level 3.0 Dodging
 - Level 2.7 Stealth
 - Level 2.6 Spellcasting
 - Level 4.0 Hexes


You had 4 spell levels left.
You knew the following spells:

 Your Spells              Type           Power        Failure   Level  Hunger
a - Corona                Hex            ###....      3%          1    None
b - Inner Flame           Hex/Fire       ##......     21%         3    ###....


Dungeon Overview and Level Annotations

Branches:
Dungeon (4/27)
 Temple: D:4-7

Altars:
Okawaru
Trog

Annotations
D:4 Grinder


Innate Abilities, Weirdness & Mutations

You are tiny and cannot use many weapons and most armour.
You have supernaturally acute eyesight.
You are a herbivore.
You cover ground extremely quickly.
You need consume almost no food.


Message History

Press: ? - help, Shift-Dir - straight line, f/p - Grinder
Aim: Grinder (moderately wounded)
You shoot a stone. The stone hits Grinder.
Grinder is moderately wounded.
Grinder gestures at you. Pain shoots through your body!
Firing (i - inventory. (,) - cycle):
n - 19 stones (quivered)
Press: ? - help, Shift-Dir - straight line, f/p - Grinder
Aim: Grinder (moderately wounded)
You shoot a stone. The stone hits Grinder.
Grinder is moderately wounded.
Grinder gestures at you.
You suddenly lose the ability to move!
Grinder gestures at you. Pain shoots through your body!
* * * LOW HITPOINT WARNING * * *
Grinder gestures.
Grinder blinks!
Grinder hits you.
You die...

#(# # #(# #. #§#
###.###### #.#
#........# #.#
#........# #5#
#........# #.#
#........###########.#
#.......5@..§((((....#
#........#############
#........# #........#
#........##############
###.##........<........
#. ################## #


You could see Grinder.

Vanquished Creatures
  A gnoll (D:3)
  3 adders
  2 worms
  An ooze (D:2)
  An orc (D:3)
  A ball python (D:3)
  A giant cockroach (D:3)
  3 goblins
  3 hobgoblins (D:1)
  A quokka (D:2)
  5 bats
  A giant newt (D:2)
  7 kobolds
  5 rats
35 creatures vanquished.

Notes
Turn   | Place    | Note
--------------------------------------------------------------
     0 | D:1      | Rycklaryybbe, the Spriggan Arcane Marksman, began the quest for the Orb.
     0 | D:1      | Reached XP level 1. HP: 10/10 MP: 2/2
   288 | D:1      | Reached skill level 1 in Stealth
   366 | D:1      | Reached skill level 4 in Hexes
   646 | D:1      | Reached XP level 2. HP: 12/14 MP: 5/5
  1504 | D:2      | Reached XP level 3. HP: 18/18 MP: 8/8
  1757 | D:3      | Learned a level 3 spell: Inner Flame
  2048 | D:3      | Found a bloodstained altar of Trog.
  2049 | D:3      | Found an iron altar of Okawaru.
  2147 | D:3      | Reached XP level 4. HP: 22/22 MP: 10/10
  2285 | D:4      | Noticed Grinder
  2400 | D:4      | Paralysed by Grinder for 7 turns
  2405 | D:4      | Slain by Grinder

Action                   |  1- 3 |  4- 6 || total
-------------------------+-------+-------++-------
Melee: Short sword       |    24 |       ||    24
       Whip              |     5 |       ||     5
 Fire: Sling             |   115 |    24 ||   139
Throw: Stone             |     1 |       ||     1
 Cast: Corona            |     3 |     2 ||     5
